 Dungeon Crawl Stone Soup version 0.23.2-1-ga50397a6bc (webtiles) character file.

Game seed: 18179337309893294312

7076 Peloso the Carver (level 10, -4/90 HPs)
             Began as a Minotaur Fighter on Apr 14, 2019.
             Was an Elder of Okawaru.
             Splashed by a crimson imp's acid (11 damage)
             ... on level 10 of the Dungeon.
             The game lasted 00:18:26 (7503 turns).

Peloso the Carver (Minotaur Fighter)                Turns: 7503, Time: 00:18:27

Health: -4/90      AC: 11    Str: 23    XL:     10   Next: 84%
Magic:  8/9        EV:  8    Int:  5    God:    Okawaru [****..]
Gold:   437        SH: 11    Dex: 11    Spells: 9/9 levels left

rFire    . . .     SeeInvis .   a - +1 falchion (freeze)
rCold    . . .     Gourm    .   c - +0 shield
rNeg     . . .     Faith    .   w - +0 chain mail
rPois    .         Spirit   .   (helmet restricted)
rElec    .         Reflect  .   B - +1 cloak
rCorr    .         Harm     .   (no gloves)
MR       .....     Rnd*Tele +   m - +0 pair of boots
Stlth    ..........             (no amulet)
HPRegen  0.25/turn              p - +3 ring of slaying
MPRegen  0.11/turn              I - ring of teleportation (curse)

@: corroded, lightly drained
A: retaliatory headbutt, horns 2
a: Heroism, Renounce Religion


You were on level 10 of the Dungeon.
You worshipped Okawaru.
Okawaru was greatly pleased with you.
You were hungry.

You visited 1 branch of the dungeon, and saw 10 of its levels.
You also visited: Ossuary.

You collected 437 gold pieces.

Inventory:

Hand Weapons
 a - a +1 falchion of freezing (weapon)
Armour
 b - a +0 scale mail
 c - a +0 shield (worn)
 m - a +0 pair of boots (worn)
 w - a +0 chain mail (worn)
 B - a +1 cloak (worn)
Jewellery
 p - a +3 ring of slaying (left hand)
 u - an uncursed ring of fire
 I - a cursed ring of teleportation (right hand)
 L - an uncursed amulet of harm
Wands
 q - a wand of random effects (16)
 C - a wand of iceblast (22)
 E - a wand of flame (5)
Scrolls
 e - 7 scrolls of teleportation
 h - a scroll of noise
 j - 2 scrolls of remove curse
 k - 3 scrolls of identify
 l - 2 scrolls of fear
 o - 2 scrolls of random uselessness
 r - a scroll of summoning {unknown}
 y - 2 scrolls of enchant armour
 D - 4 scrolls of enchant weapon
 F - a scroll of fog {unknown}
 G - a scroll of holy word {unknown}
 J - a scroll of blinking
Potions
 d - 2 potions of might
 g - 5 potions of heal wounds
 i - a potion of berserk rage
 n - 2 potions of invisibility
 s - 2 potions of haste
 t - a potion of curing
 v - a potion of magic {unknown}
 x - 2 potions of flight {unknown}
 z - 3 potions of resistance {unknown}
 A - 2 potions of mutation {unknown}
 H - a potion of agility {unknown}
Comestibles
 f - 18 rations
 K - 4 chunks of flesh


   Skills:
 + Level 8.5(8.1) Fighting
 + Level 12.7(12.3) Long Blades
 + Level 9.3(8.8) Armour
 + Level 4.0(3.7) Dodging
 + Level 2.0(1.7) Stealth
 + Level 9.1(8.7) Shields
 + Level 0.2(0.0) Invocations
 + Level 0.5(0.1) Evocations


You had 9 spell levels left.
You didn't know any spells.
Your spell library contained the following spells:

 Spells                   Type           Power        Failure   Level  Hunger
 Summon Butterflies       Summ           #.......     100%        1    ##.....
 Blink                    Tloc           N/A          100%        2    ###....
 Shroud of Golubria       Chrm/Tloc      #.........   100%        2    ###....
 Call Canine Familiar     Summ           #.......     100%        3    ####...
 Gell's Gravitas          Tloc           #.........   100%        3    ####...
 Lesser Beckoning         Tloc           #.........   100%        3    ####...
 Teleport Other           Tloc           #.......     100%        3    ####...
 Passage of Golubria      Tloc           N/A          100%        4    #####..
 Summon Ice Beast         Ice/Summ       #.......     100%        4    #####..
 Summon Mana Viper        Hex/Summ       #.......     100%        5    ######.
 Summon Hydra             Summ           #.........   100%        7    #######


Dungeon Overview and Level Annotations

Branches:
Dungeon (10/15)            Temple (0/1) D:6
   Lair: D:8-11         Orc: D:9-12

Altars:
Ashenzari
Dithmenos
Elyvilon
Gozag
Hepliaklqana
Kikubaaqudgha
Makhleb
Nemelex Xobeh
Okawaru
Qazlal
Sif Muna
Uskayaw
Wu Jian
Xom
Zin
The Shining One

Annotations:
D:7 1 runed translucent door, spacedv's ghost, novice BaIE


Innate Abilities, Weirdness & Mutations

You reflexively headbutt those who attack you in melee.
You have a pair of horns on your head.


Message History

Harold is almost dead.
Harold hits you with a +2 long sword of slicing!!
The crimson imp drinks a potion.
The crimson imp seems to speed up.
You hit Harold. You freeze Harold.
Harold is almost dead.
You slash Harold! You freeze Harold.
You kill Harold!
Okawaru is honoured by your kill.
Harold gasps with his last breath, "I wish I had worked less..."
The crimson imp zaps a wand.
The bolt of acid hits you!!
* * * LOW HITPOINT WARNING * * *
You are splashed with acid!
* * * LOW HITPOINT WARNING * * *
Things that are here:
a +2 long sword of slicing; a +0 scale mail You feel like a meek peon again.
The crimson imp zaps a wand.
The bolt of acid hits you!
* * * LOW HITPOINT WARNING * * *
The acid corrodes you!
You are splashed with acid!
You die...

####...... #. #..####
#####.####### ###......
............ .........
.......?...# ######..#
...........##########..#
.......$................
....5...................
.......@)..†..[.........
#########.(#############
#...............
.................
...##########..#### ##..
########..#### ...
.............. ...
..>........... ###
##############


You could see a crimson imp.

Vanquished Creatures
  Harold (D:10)
  A gargoyle (D:8)
  Grinder (D:6)
  A wraith (D:8)
  A wyvern (D:8)
  A hungry ghost (D:7)
  Menkaure (D:7)
  Edmund (D:6)
  A water moccasin (D:8)
  2 ice beasts (D:9)
  An orc warrior (D:8)
  2 black bears (D:8)
  2 necrophages
  5 phantoms
  5 sky beasts
  An eye of draining (D:10)
  3 ogres
  3 centaurs
  4 bullfrogs
  A gnoll sergeant (D:9)
  2 scorpions
  A troll zombie (D:8)
  6 wights
  2 howler monkeys
  3 electric eels (D:3)
  3 crimson imps
  2 centaur zombies
  A bullfrog zombie (D:10)
  3 jellies
  2 centaur skeletons
  2 hounds
  3 orc priests
  3 human zombies (D:8)
  7 orc wizards
  Ijyb (D:3)
  2 human skeletons (D:8)
  3 iguanas
  9 worker ants
  A hound zombie (D:5)
  6 mummies
  2 worker ant zombies
  3 gnolls (D:9)
  A howler monkey skeleton (D:4)
  9 adders
  A shadow imp (D:5)
  An ooze (D:1)
  3 adder skeletons
  2 adder zombies
  2 worms (D:2)
  2 dart slugs
  7 leopard geckos
  24 orcs
  A ball python (D:1)
  6 giant cockroaches
  4 gnoll zombies (Ossuary)
  6 hobgoblins
  19 jackals
  11 kobolds
  5 quokkas
  10 bats
  5 frilled lizards
  5 gnoll skeletons (Ossuary)
  7 goblins
  3 goblin skeletons (Ossuary)
  5 goblin zombies (Ossuary)
  4 hobgoblin skeletons (Ossuary)
  2 hobgoblin zombies (Ossuary)
  4 kobold skeletons (Ossuary)
  5 kobold zombies (Ossuary)
  A leopard gecko skeleton (D:5)
  A leopard gecko zombie (D:6)
  7 orc skeletons (Ossuary)
  5 orc zombies (Ossuary)
  11 rats
  2 rat skeletons (Ossuary)
  4 rat zombies (Ossuary)
290 creatures vanquished.

Vanquished Creatures (others)
  A frilled lizard (D:2)
1 creature vanquished.

Grand Total: 291 creatures vanquished

Notes
Turn   | Place    | Note
-------+----------+-------------------------------------------
     0 | D:1      | Peloso the Minotaur Fighter began the quest for the Orb.
     0 | D:1      | Reached XP level 1. HP: 19/19 MP: 0/0
    82 | D:1      | Reached XP level 2. HP: 27/27 MP: 1/1
   444 | D:1      | Reached skill level 3 in Long Blades
   444 | D:1      | Reached XP level 3. HP: 30/33 MP: 2/2
   880 | D:2      | Found a white marble altar of Elyvilon.
  1148 | D:2      | Reached XP level 4. HP: 28/40 MP: 3/3
  1430 | D:3      | Reached skill level 4 in Long Blades
  1516 | D:3      | Reached skill level 1 in Dodging
  1516 | D:3      | Reached XP level 5. HP: 27/47 MP: 4/4
  1552 | D:3      | Found a transporter.
  1580 | D:3      | Noticed Ijyb
  1590 | D:3      | Killed Ijyb
  1605 | D:3      | Found a transporter.
  1605 | D:3      | Noticed a sky beast
  1624 | D:3      | Killed a sky beast
  1624 | D:3      | Reached skill level 5 in Long Blades
  1624 | D:3      | Reached skill level 5 in Shields
  1624 | D:3      | Reached XP level 6. HP: 23/53 MP: 5/5
  2215 | D:4      | Reached skill level 6 in Long Blades
  2215 | D:4      | Reached skill level 5 in Armour
  2215 | D:4      | Reached XP level 7. HP: 46/60 MP: 6/6
  2555 | D:5      | Entered Level 5 of the Dungeon
  2604 | D:5      | Reached skill level 5 in Fighting
  2804 | D:5      | Reached skill level 7 in Long Blades
  3292 | D:5      | Found an opulent altar of Gozag.
  3520 | D:6      | Found a hazy altar of Hepliaklqana.
  3596 | D:6      | Noticed Edmund
  3611 | D:6      | Killed Edmund
  3611 | D:6      | Reached XP level 8. HP: 46/69 MP: 7/7
  3842 | D:6      | Reached skill level 8 in Long Blades
  3925 | D:6      | Found a shadowy altar of Dithmenos.
  3925 | D:6      | Found a deep blue altar of Sif Muna.
  3930 | D:6      | Found a shimmering altar of Xom.
  3930 | D:6      | Found an ornate altar of the Wu Jian Council.
  3930 | D:6      | Found a hide-covered altar of Uskayaw.
  3930 | D:6      | Found a glowing golden altar of the Shining One.
  3952 | D:6      | Found an iron altar of Okawaru.
  3963 | D:6      | Became a worshipper of Warmaster Okawaru
  3992 | D:6      | Found a staircase to the Ecumenical Temple.
  4102 | D:6      | Found a stormy altar of Qazlal.
  4144 | D:6      | Noticed Grinder
  4155 | D:6      | Killed Grinder
  4559 | D:3      | Reached skill level 9 in Long Blades
  4655 | D:7      | Noticed Menkaure
  4657 | D:7      | Killed Menkaure
  4657 | D:7      | Reached * piety under Okawaru
  4703 | D:7      | Found a sand-covered staircase.
  4707 | Ossuary  | Entered an ossuary
  5075 | Ossuary  | Reached XP level 9. HP: 78/78 MP: 8/8
  5206 | D:7      | Found a runed translucent door.
  5210 | D:7      | Noticed a deep elf mage
  5210 | D:7      | Noticed spacedv's ghost (novice BaIE)
  5473 | D:7      | Reached skill level 1 in Stealth
  5575 | D:7      | Found a sparkling altar of Nemelex Xobeh.
  5697 | D:7      | Reached ** piety under Okawaru
  5697 | D:7      | Reached skill level 10 in Long Blades
  5967 | D:8      | Noticed a gargoyle
  5995 | D:8      | Killed a gargoyle
  5995 | D:8      | Reached skill level 11 in Long Blades
  6020 | D:8      | Reached *** piety under Okawaru
  6038 | D:8      | Reached XP level 10. HP: 48/86 MP: 9/9
  6575 | D:8      | Found an ancient bone altar of Kikubaaqudgha.
  6789 | D:9      | Found a shimmering altar of Xom.
  6952 | D:9      | Reached **** piety under Okawaru
  6980 | D:9      | Found a burning altar of Makhleb.
  7183 | D:9      | Found a shattered altar of Ashenzari.
  7183 | D:9      | Found a glowing silver altar of Zin.
  7238 | D:10     | Entered Level 10 of the Dungeon
  7307 | D:10     | Reached skill level 12 in Long Blades
  7484 | D:10     | Noticed Harold
  7501 | D:10     | Killed Harold
  7503 | D:10     | Splashed by a crimson imp's acid

Skill      XL: |  1  2  3  4  5  6  7  8  9 10 |
---------------+-------------------------------+-----
Shields        | 4 5 6 7 8 9 |  9.1
Fighting       | 4 5 6 7 8 |  8.5
Long Blades    | 3 4 5 6 7 9 11 12 | 12.7
Armour         | 4 5 6 8 9 |  9.3
Dodging        | 1 2 3 4 |  4.0
Stealth        | 2 |  2.0
Invocations    | |  0.2
Evocations     | |  0.5

Action                   |  1- 3 |  4- 6 |  7- 9 | 10-12 || total
-------------------------+-------+-------+-------+-------++-------
Melee: Long sword        |   115 |   118 |   365 |    66 ||   664
       Headbutt          |    18 |    18 |    83 |    63 ||   182
       Falchion          |       |       |       |   141 ||   141
Invok: Heroism           |       |       |     2 |     2 ||     4
Evoke: Wand              |       |       |     6 |       ||     6
  Use: Scroll            |       |       |    17 |       ||    17
  Eat: Chunk             |       |     5 |     7 |     4 ||    16
       Ration            |       |       |     2 |       ||     2
Armor: Scale mail        |    42 |    45 |       |       ||    87
       Chain mail        |       |    13 |   144 |    62 ||   219
Dodge: Dodged            |    30 |    30 |    77 |    41 ||   178
Block: Shield            |    49 |    70 |   174 |    71 ||   364
       Rpst.: Long sword |     7 |     9 |    25 |     7 ||    48
       Falchion          |       |       |       |     8 ||     8
